Match 42700255
Unlisted

Match 42700255
End
Kradschützen Motorcycle Team
Selects Italian Combined Arms Battlegroup
Selects Bersaglieri Squad
Bersaglieri Squad
250 Light Carrier
Construct Light Support Kompanie
MG34 Team
Panzerjäger Squad
Fire Support Elements
MG34 Team
Construct Mechanized Kompanie
StuG III D Assault Gun
Selects Semovente da 75/18 Assault Gun
Pak 38 Anti-tank Gun Team
Emergency Repair Kits
Selects Carro Armato M13/40 Light Tank
Carro Armato M13/40 Light Tank
2.5-tonne Medical Truck
Construct Panzerarmee Kommand
Fajolada
Maxim79
0
0

Comments sign in to comment!

No comments posted yet!